 Dungeon Crawl Stone Soup version 0.27.0-1-g7a08968 (webtiles) character file.

Game seed: 2494041860197600196

54 NeededCrab the Caller (level 3, -1/26 HPs)
             Began as a Gnoll Summoner on Oct 13, 2021.
             Slain by a gnoll (6 damage)
             ... on level 4 of the Dungeon.
             The game lasted 00:09:04 (3249 turns).

NeededCrab the Caller (Gnoll Summoner)              Turns: 3249, Time: 00:09:05

Health: -1/26      AC:  3    Str:  7    XL:     3   Next: 91%
Magic:  0/9        EV: 13    Int: 15    God:
Gold:   127        SH:  0    Dex: 12    Spells: 3/12 levels left

rFire    . . .     SeeInvis .   i - +2 dagger (elec)
rCold    + . .     Faith    .   (no shield)
rNeg     . . .     Spirit   .   a - +0 robe
rPois    .         Reflect  .   (helmet restricted)
rElec    .         Harm     .   (no cloak)
rCorr    .         Rampage  .   o - +0 pair of gloves
Will     .....                  (no boots)
Stlth    ++........             (no amulet)
HPRegen  0.08/turn              (no ring)
MPRegen  0.11/turn              (no ring)

@: no status effects
A: fangs 1, strong nose, distributed training, horns 1, cold resistance 1
a: no special abilities


You were on level 4 of the Dungeon.
You visited 1 branch of the dungeon, and saw 4 of its levels.

You collected 127 gold pieces.

Inventory:

Hand Weapons
 g - a +0 whip of electrocution
 i - a +2 dagger of electrocution (weapon)
Missiles
 s - a throwing net
Armour
 a - a +0 robe (worn)
 l - a +0 leather armour
 o - a +0 pair of gloves (worn)
 q - a +0 crystal plate armour
Magical Staves
 m - a staff of fire
Wands
 n - a wand of iceblast (8)
Scrolls
 b - 2 scrolls of enchant armour {unknown}
 c - a scroll of magic mapping {unknown}
 d - 3 scrolls of identify {unknown}
 e - a scroll of fear {unknown}
 f - 2 scrolls of teleportation {unknown}
 p - a scroll of enchant weapon {unknown}
 r - a scroll of fog {unknown}
Potions
 h - a potion of flight {unknown}
 j - a potion of mutation
 k - 2 potions of lignification {unknown}


   Skills:
 + Level 1.0 Fighting
 + Level 1.0 Short Blades
 + Level 1.0 Long Blades
 + Level 1.0 Axes
 + Level 1.0 Maces & Flails
 + Level 1.0 Polearms
 + Level 1.0 Staves
 + Level 1.0 Slings
 + Level 1.0 Bows
 + Level 1.0 Crossbows
 + Level 1.0 Throwing
 + Level 1.0 Armour
 + Level 4.6 Dodging
 + Level 4.2 Stealth
 + Level 1.0 Shields
 + Level 1.0 Unarmed Combat
 + Level 5.0 Spellcasting
 + Level 0.7 Conjurations
 + Level 0.7 Hexes
 + Level 7.1 Summonings
 + Level 0.7 Necromancy
 + Level 0.7 Translocations
 + Level 0.7 Transmutations
 + Level 0.7 Fire Magic
 + Level 0.7 Ice Magic
 + Level 0.7 Air Magic
 + Level 0.7 Earth Magic
 + Level 0.7 Poison Magic
 + Level 1.0 Invocations
 + Level 1.0 Evocations


You had 3 spell levels left.
You knew the following spells:

 Your Spells              Type           Power      Damage    Failure   Level
a - Summon Small Mammal   Summ           100%       N/A       1%          1
b - Call Imp              Summ           25%        N/A       1%          2
c - Call Canine Familiar  Summ           25%        N/A       2%          3
d - Summon Guardian Gole  Hex/Summ       15%        N/A       10%         3

Your spell library contained the following spells:

 Spells                   Type           Power      Damage    Failure   Level
 Summon Lightning Spire   Summ/Air       15%        N/A       32%         4


Dungeon Overview and Level Annotations

Branches:
Dungeon (4/15)
 Temple: D:4-7

Altars:
Nemelex Xobeh
Wu Jian


Innate Abilities, Weirdness & Mutations

You have very sharp teeth.
Your uncanny sense of smell can sniff out nearby items.
Your experience applies equally to all skills.
You have a pair of small horns on your head.
Your flesh is cold resistant. (rC+)


Message History

The gnoll shaman calls upon its god to speed up the gnoll.
The gnoll seems to speed up.
Casting: Call Canine Familiar (dangerous; 2% risk of failure)
Confirm with . or Enter, or press ? or * to list all spells.
The gnoll barely misses your white imp.
The gnoll shaman hits your white imp with a +0 whip.
The gnoll closely misses your white imp.
Your white imp closely misses the gnoll shaman.
The gnoll hits your white imp with a +0 whip!
The gnoll shaman hits your white imp with a +0 whip!
Your white imp dies!
The gnoll hits your hound with a +0 whip.
Your hound barely misses the gnoll.
The gnoll misses your hound.
Your hound bites the gnoll shaman.
The gnoll hits your hound with a +0 whip.
Your hound bites the gnoll shaman.
The gnoll hits your hound with a +0 whip.
The gnoll shaman calls down the wrath of its god upon you.
You resist with significant effort.
Your hound bites the gnoll shaman but does no damage.
The gnoll hits your hound with a +0 whip!
Your hound dies!
Your hound's corpse disappears in a puff of smoke!
Things that are here:
a +0 club; a gnoll corpse You hit the gnoll shaman.
The gnoll shaman is moderately wounded.
The gnoll shaman hits you with a +0 whip!
Your magical contamination has completely faded away.
The gnoll closely misses you. The gnoll hits you with a +0 whip!
Casting: Call Canine Familiar (dangerous; 2% risk of failure)
Confirm with . or Enter, or press ? or * to list all spells.
A shadowy apparition takes form in the air.
The gnoll shaman hits you with a +0 whip.
The gnoll hits you with a +0 whip.
* * * LOW HITPOINT WARNING * * *
It was a potion of mutation.
You feel extremely strange.
You feel resistant to cold. A pair of horns grows on your head!
The gnoll hits you with a +0 whip.
You die...

#.#.#.###.#
#.#.#.....# ##+#
####+#.....###
#...#####....(.###.#
# #...#..........#
#.# #
#...#..........# #.#
#...#..........# #.#
#.>.g.)..>.†...# #.#
#..5g@.........# #.#
#.......#....).#
#.......########
#........#
#........#
#........#
#........#
#...####..


You could see a gnoll shaman, a gnoll (fast, ally target) and a friendly shadow
imp (summoned).

Vanquished Creatures
  2 worms (D:3)
  A dart slug (D:1)
  An orc (D:3)
  4 ball pythons
  2 endoplasms (D:1)
  2 giant cockroaches (D:1)
  3 goblins
  A hobgoblin (D:3)
  A quokka (D:1)
  A bat (D:1)
  A frilled lizard (D:2)
  4 kobolds
  A rat (D:1)
24 creatures vanquished.

Vanquished Creatures (collateral kills)
  2 gnolls (D:4)
  A worm (D:2)
  A ball python (D:1)
  2 giant cockroaches (D:1)
  2 goblins
  3 hobgoblins
  3 kobolds (D:1)
  A quokka (D:1)
  A bat (D:1)
  A frilled lizard (D:1)
  A rat (D:3)
18 creatures vanquished.

Grand Total: 42 creatures vanquished

Notes
Turn   | Place    | Note
-------+----------+-------------------------------------------
     0 | D:1      | NeededCrab the Gnoll Summoner began the quest for the Orb.
     0 | D:1      | Reached XP level 1. HP: 13/13 MP: 6/6
   387 | D:1      | Found a faded altar of an unknown god.
   415 | D:1      | Reached XP level 2. HP: 17/19 MP: 4/7
   472 | D:1      | Learned a level 2 spell: Call Imp
   617 | D:1      | You fall into a shaft and drop 1 floor!
  1169 | D:1      | Reached XP level 3. HP: 15/25 MP: 7/9
  1173 | D:1      | Learned a level 3 spell: Call Canine Familiar
  1177 | D:1      | Learned a level 3 spell: Summon Guardian Golem
  1343 | D:2      | Reached skill level 5 in Spellcasting
  2502 | D:3      | Found a sparkling altar of Nemelex Xobeh.
  2631 | D:3      | Reached skill level 1 in Invocations
  3003 | D:3      | Found an ornate altar of the Wu Jian Council.
  3198 | D:4      | Reached skill level 1 in Fighting
  3198 | D:4      | Reached skill level 1 in Short Blades
  3198 | D:4      | Reached skill level 1 in Long Blades
  3198 | D:4      | Reached skill level 1 in Axes
  3198 | D:4      | Reached skill level 1 in Maces & Flails
  3198 | D:4      | Reached skill level 1 in Polearms
  3198 | D:4      | Reached skill level 1 in Staves
  3198 | D:4      | Reached skill level 1 in Slings
  3198 | D:4      | Reached skill level 1 in Bows
  3198 | D:4      | Reached skill level 1 in Crossbows
  3198 | D:4      | Reached skill level 1 in Throwing
  3198 | D:4      | Reached skill level 1 in Armour
  3198 | D:4      | Reached skill level 1 in Shields
  3198 | D:4      | Reached skill level 1 in Unarmed Combat
  3198 | D:4      | Reached skill level 1 in Evocations
  3249 | D:4      | Gained mutation: Your flesh is cold resistant. (rC+)
                  | [potion of mutation]
  3249 | D:4      | Gained mutation: You have a pair of small horns on your
                  | head. [potion of mutation]
  3249 | D:4      | Slain by a gnoll

Illustrated notes

Levels and vault maps discovered:
D:1:      dpeg_arrival_boxes_within_box, layout_basic,
          dilly_ecumenical_altar_fadedgnrine, minmay_pentomino_o4
D:2:      layout_basic, grunt_ministairs_4, minmay_hedge_maze,
          minmay_misc_feat_alley, hangedman_abyss_or_decor_stabs
D:3:      layout_loops_ring, mainiacjoe_overflow_swirl
D:4:      layout_basic, uniq_crazy_yiuf_cottage

Skill      XL: |  1  2  3 |
---------------+----------+-----
Spellcasting   | 5 |  5.0
Invocations    | 1 |  1.0
Fighting       | 1 |  1.0
Short Blades   | 1 |  1.0
Long Blades    | 1 |  1.0
Axes           | 1 |  1.0
Maces & Flails | 1 |  1.0
Polearms       | 1 |  1.0
Staves         | 1 |  1.0
Slings         | 1 |  1.0
Bows           | 1 |  1.0
Crossbows      | 1 |  1.0
Throwing       | 1 |  1.0
Armour         | 1 |  1.0
Shields        | 1 |  1.0
Unarmed Combat | 1 |  1.0
Evocations     | 1 |  1.0
Dodging        | |  4.6
Stealth        | |  4.2
Conjurations   | |  0.7
Hexes          | |  0.7
Summonings     | |  7.1
Necromancy     | |  0.7
Translocations | |  0.7
Transmutations | |  0.7
Fire Magic     | |  0.7
Ice Magic      | |  0.7
Air Magic      | |  0.7
Earth Magic    | |  0.7
Poison Magic   | |  0.7

Action                   || total
-------------------------++-------
Melee: Hand axe          ||    11
       Unarmed           ||     4
       Bite              ||     5
       Dagger            ||    43
       Whip              ||     5
 Cast: Summon Small Mamm ||    16
       Call Imp          ||    21
       Call Canine Famil ||     8
  Use: Potion            ||     1
 Stab: Sleeping          ||     7
Armor: Robe              ||    12
Dodge: Dodged            ||    30
